 Dungeon Crawl Stone Soup version 0.30-a0-802-gb92711bcdf (webtiles) character file.

Game seed: 8621709277873100878

5330 jasper the Skirmisher (level 10, 0/114 HPs)
             Began as a Demonspawn Hexslinger on Feb 24, 2023.
             Was a Believer of Ashenzari.
             Slain by a killer bee (9 damage)
             ... on level 10 of the Dungeon.
             The game lasted 00:16:55 (9290 turns).

jasper the Skirmisher (Demonspawn Hexslinger)       Turns: 9290, Time: 00:16:56

Health: 0/114      AC: 25    Str: 14    XL:     10   Next: 38%
Magic:  11/11      EV:  2    Int: 15    God:    Ashenzari [**....]
Gold:   854        SH:  0    Dex: 14    Spells: 1/11 levels left

rFire   . . .      SeeInvis +    p - +1 shortbow (drain)
rCold   . . .      Faith    .    (shield currently unavailable)
rNeg    . . .      Spirit   .    (body armour currently unavailable)
rPois   +          Reflect  .    (helmet currently unavailable)
rElec   .          Harm     .    (cloak currently unavailable)
rCorr   +          Rampage  .    (gloves currently unavailable)
Will    .....      NoTele   +    (boots currently unavailable)
Stlth   +                        (no amulet)
HPRegen 0.39/turn                t - ring "Mantic Restlessness" {rCorr, Melee, Evo} (curse)
MPRegen 0.12/turn                (no ring)

@: tree-form
A: stationary, stasis, torment immunity, boosted hp, (spiny 2), (demonic touch
2)
a: Renounce Religion, Shatter the Chains


You were on level 10 of the Dungeon.
You worshipped Ashenzari.
Ashenzari was pleased with you.
You were a tree.
You visited 2 branches of the dungeon, and saw 11 of its levels.
You also visited: Sewer.

You collected 974 gold pieces.
You spent 120 gold pieces at shops.

Inventory:

Hand Weapons
 a - a +1 sling
 p - a +1 shortbow of draining (weapon)
Missiles
 d - 17 poisoned darts
 v - a throwing net
Armour
 c - a +0 robe
 f - a +0 chain mail
 j - the cursed +1 pair of gloves of Ashenzari's Regret (melded) {Fort, Melee}
   (You found it on level 2 of the Dungeon)

   It has a curse which improves the following skills: Fortitude: Armour and
   Shields.
   Melee Combat: Short Blades, Long Blades, Axes, Maces & Flails, Polearms,
   Staves and Unarmed Combat.
 k - +0 steam dragon scales (melded)
 x - the cursed +0 pair of boots of the Pangnostic Heavens (melded) {Elem, Bglg}
   (You found it on level 6 of the Dungeon)

   It has a curse which improves the following skills: Elements: Fire Magic, Ice
   Magic, Air Magic and Earth Magic.
   Beguiling: Conjurations, Hexes and Translocations.
 z - a +0 helmet (melded)
Jewellery
 t - the cursed ring "Mantic Restlessness" (left branch) {rCorr, Melee, Evo}
   (You found it on level 4 of the Dungeon)

   [ring of resist corrosion]

   rCorr:     It protects you from acid and corrosion.
   It has a curse which improves the following skills: Melee Combat: Short
   Blades, Long Blades, Axes, Maces & Flails, Polearms, Staves and Unarmed
   Combat.
   Evocations: Evocations.
Wands
 l - a wand of flame (34)
 B - a wand of paralysis (7)
Scrolls
 b - a scroll of poison
 g - 2 scrolls of amnesia
 i - 2 scrolls of teleportation
 m - 2 scrolls of fog
 s - 4 scrolls of blinking
 y - a scroll of enchant weapon
Potions
 e - 5 potions of might
 h - a potion of flight
 n - 2 potions of brilliance
 o - 2 potions of berserk rage
 q - 5 potions of curing
 r - a potion of lignification
 w - a potion of haste
 A - a potion of resistance
Miscellaneous
 u - a box of beasts (inert)


   Skills:
 + Level 6.2 Fighting
 * Level 10.8 Ranged Weapons
 + Level 5.4 Armour
 - Level 1.7 Dodging
 - Level 1.0 Spellcasting
 + Level 4.9 Hexes
 + Level 3.2 Translocations


You had one spell level left.
You knew the following spells:

 Your Spells              Type           Power      Damage    Failure   Level
a - Passwall              Tmut/Erth      0%         N/A       36%         2
b - Portal Projectile     Hex/Tloc       26%        N/A       14%         3
c - Borgnjor's Vile Clut  Necr/Erth      0%         N/A       100%        5

Your spell library contained the following spells:

 Spells                   Type           Power      Damage    Failure   Level
 Slow                     Hex            60%        N/A       3%          1
 Sandblast                Erth           0%         2d4       24%         1
 Gell's Gravitas          Tloc           10%        N/A       19%         3
 Teleport Other           Tloc           10%        N/A       19%         3
 Inner Flame              Hex/Fire       8%         N/A       26%         3
 Cause Fear               Hex            7%         N/A       32%         4
 Stone Arrow              Conj/Erth      0%         3d7       58%         3
 Animate Dead             Necr           0%         N/A       94%         4
 Death Channel            Necr           0%         N/A       100%        6
 Dispersal                Tloc           5%         N/A       100%        6


Dungeon Overview and Level Annotations

Branches:
Dungeon (10/15)            Temple (1/1) D:6           Sewer (visited)
   Lair: D:8-11         Orc: D:9-12

Altars:
Ashenzari
Cheibriados
Dithmenos
Fedhas
Gozag
Hepliaklqana
Kikubaaqudgha
Makhleb
Nemelex Xobeh
Okawaru
Qazlal
Ru
Sif Muna
Trog
Uskayaw
Vehumet
Wu Jian
Xom

Shops:
D:2 ?   D:3 !(:

Annotations:
D:4 1 runed translucent door, Crazy Yiuf
D:6 2 transporters, necrobotica's ghost, novice MiFi
D:9 Erolcha
Temple 4 transporters


Innate Abilities, Weirdness & Mutations

You are a tree.
Your roots penetrate the ground, keeping you stationary.
You cannot be teleported.
You are immune to unholy pain and torment.
Your maximum health is greatly increased.
Your equipment is partially melded.
((You are mostly covered in sharp spines.))
((Your touch may inflict irresistible damage on your foes.))


Message History

Press: ? - help, Q - select action, (/) - cycle Shift-Dir - straight line, f/p - queen bee
Aim: a queen bee (68% to hit)
You shoot an arrow. The arrow barely misses the killer bee.
The arrow hits the queen bee.
The queen bee is lightly wounded.
You feel very sick. The killer bee closely misses you.
The killer bee rages.
The killer bee completely misses you. The killer bee closely misses you.
The killer bee rages.
You take 2 damage, and have 22/76 hp.
You feel better. The killer bee stings you!
* * * LOW HITPOINT WARNING * * *
The killer bee is struck by your spines.
The killer bee closely misses you. The killer bee stings you.
* * * LOW HITPOINT WARNING * * *
You are poisoned.
The killer bee poisons you!
You take 7 damage, and have 15/76 hp.
Really quaff the potion of lignification? [Y]es or [N]o only, please.
Really quaff the potion of lignification?
You turn into a tree.
Your +0 helmet melds into your body.
The cursed +1 pair of gloves of Ashenzari's Regret {Fort, Melee} melds into your body.
The cursed +0 pair of boots of the Pangnostic Heavens {Elem, Bglg} melds into your body.
Your +0 steam dragon scales melds into your body.
Your roots penetrate the ground.
You feel sick. The killer bee stings you!
* * * LOW HITPOINT WARNING * * *
The killer bee stings you.
* * * LOW HITPOINT WARNING * * *
The killer bee stings you but does no damage.
You hear an angry buzzing noise.
You now have 11/114 hp.
You feel better.
The killer bee rages.
The killer bee stings you!
* * * LOW HITPOINT WARNING * * *
The killer bee stings you but does no damage.
The killer bee stings you!
You die... ######'## #.........# #..# #.........# #.## ##'######## * #.# #.......# * #.# #######+# ###§### {{ y.. * #☼§§§§### * y.yy

, ,+§§§§☼☼§#### ,.yy..
, ,
,**#.....#§♣yy##yy?...
, #.....####yyyyy☼y!.
#.....# ####yy§..., **
* ####+## ####+ , , *
* , * *


You could see a queen bee and 8 killer bees.

Vanquished Creatures
  A hornet (D:8)
  Sigmund (D:5)
  A shadow (D:9)
  3 yaks (D:10)
  3 steam dragons
  Menkaure (D:6)
  A water moccasin (D:9)
  A sky beast (D:7)
  4 black bears
  An ice beast (D:5)
  A centaur (D:9)
  An ogre (D:6)
  3 kobold brigands
  Blork the orc (D:3)
  A gnoll sergeant (D:8)
  4 bullfrogs
  2 necrophages
  3 scorpions (D:5)
  3 wights (D:8)
  22 killer bees
  3 howler monkeys
  4 hounds (D:5)
  3 orc priests
  4 jellies
  A gnoll bouda (D:7)
  Ijyb (D:4)
  2 iguanas (D:5)
  4 orc wizards
  13 gnolls
  9 adders
  A shadow imp (D:5)
  2 white imps (D:6)
  An ufetubus (D:5)
  5 worms
  3 dart slugs
  23 orcs
  5 endoplasms
  16 giant cockroaches
  7 goblins
  9 hobgoblins
  19 kobolds
  10 quokkas
  4 ball pythons
  7 bats
  20 frilled lizards
  6 rats
240 creatures vanquished.

Notes
Turn   | Place    | Note
-------+----------+-------------------------------------------
     0 | D:1      | jasper the Demonspawn Hexslinger began the quest for the
                  | Orb.
     0 | D:1      | Reached XP level 1. HP: 15/15 MP: 2/2
    18 | D:1      | Reached skill level 2 in Ranged Weapons
   117 | D:1      | Gained mutation: You are partially covered in sharp spines.
                  | [demonic ancestry]
   117 | D:1      | Reached XP level 2. HP: 21/21 MP: 3/3
   336 | D:1      | Reached skill level 3 in Ranged Weapons
   565 | D:1      | Gained mutation: Your touch may inflict minor irresistible
                  | damage on your foes. [demonic ancestry]
   565 | D:1      | Reached XP level 3. HP: 26/26 MP: 4/4
  1174 | D:2      | Gained mutation: You are mostly covered in sharp spines.
                  | [demonic ancestry]
  1174 | D:2      | Reached XP level 4. HP: 32/32 MP: 5/5
  1298 | D:2      | Reached skill level 4 in Ranged Weapons
  1303 | D:2      | Found Coexkywn's Magic Scroll Emporium.
  1309 | D:2      | Bought a scroll of fog for 48 gold pieces
  1617 | D:3      | Found Vote's Antique Weapon Emporium.
  2060 | D:3      | Found Ifeudac's Book Shoppe.
  2164 | D:3      | Reached XP level 5. HP: 35/37 MP: 6/6
  2172 | D:3      | Reached skill level 5 in Ranged Weapons
  2394 | D:3      | Found Qioka's Distillery.
  2608 | D:3      | Bought a potion of curing for 36 gold pieces
  2608 | D:3      | Bought a potion of lignification for 36 gold pieces
  2658 | D:4      | Noticed Blork the orc
  2665 | D:3      | Killed Blork the orc
  2768 | D:4      | Gained mutation: Your touch may inflict irresistible damage
                  | on your foes. [demonic ancestry]
  2768 | D:4      | Reached XP level 6. HP: 38/43 MP: 7/7
  2852 | D:4      | Found a glowing drain.
  2865 | Sewer    | Entered a sewer
  2867 | Sewer    | Reached skill level 6 in Ranged Weapons
  3184 | Sewer    | Identified a scroll of acquirement
  3184 | Sewer    | Acquired 514 gold pieces
  3691 | D:4      | Found a runed translucent door.
  3692 | D:4      | Noticed Crazy Yiuf
  3755 | D:4      | Noticed Ijyb
  3775 | D:4      | Killed Ijyb
  3776 | D:4      | Reached skill level 7 in Ranged Weapons
  3776 | D:4      | Reached XP level 7. HP: 19/48 MP: 8/8
  4301 | D:5      | Entered Level 5 of the Dungeon
  4389 | D:5      | Reached skill level 1 in Armour
  4396 | D:5      | HP: 2/49 [black bear (3)]
  4741 | D:5      | Noticed a steam dragon
  4753 | D:5      | Reached XP level 8. HP: 52/57 MP: 9/9
  4758 | D:5      | Reached skill level 8 in Ranged Weapons
  4826 | D:5      | Noticed Sigmund
  5418 | D:5      | Killed Sigmund
  5520 | D:5      | Found a snail-covered altar of Cheibriados.
  5587 | D:6      | Found a staircase to the Ecumenical Temple.
  5594 | Temple   | Entered the Ecumenical Temple
  5594 | Temple   | Found a transporter.
  5594 | Temple   | Found a transporter.
  5596 | Temple   | Found a transporter.
  5596 | Temple   | Found a transporter.
  5612 | Temple   | Became a worshipper of Ashenzari the Shackled
  5806 | D:6      | Reached skill level 9 in Ranged Weapons
  5919 | D:6      | Noticed Menkaure
  5925 | D:6      | Killed Menkaure
  5926 | D:6      | Reached XP level 9. HP: 66/66 MP: 10/10
  5985 | D:6      | Noticed necrobotica's ghost (novice MiFi)
  5986 | D:6      | Found a transporter.
  5993 | D:6      | Identified the +1 dire flail "Boloo" {antimagic, rPois
                  | Int+6 Dex+5}
  5993 | D:6      | Noticed a two-headed ogre
  5994 | D:6      | Found a transporter.
  6320 | D:7      | Learned a level 2 spell: Passwall
  6324 | D:7      | Learned a level 3 spell: Portal Projectile
  6330 | D:7      | Learned a level 5 spell: Borgnjor's Vile Clutch
  6369 | D:7      | Found a radiant altar of Vehumet.
  7058 | D:8      | Reached skill level 5 in Fighting
  7060 | D:8      | Reached skill level 1 in Translocations
  7157 | D:8      | Paralysed by a hornet for 3 turns
  7162 | D:8      | Reached skill level 10 in Ranged Weapons
  7370 | D:8      | Reached * piety under Ashenzari
  8093 | D:8      | Found a stormy altar of Qazlal.
  8386 | D:8      | Reached ** piety under Ashenzari
  8429 | D:9      | Reached skill level 5 in Armour
  8599 | D:9      | Reached XP level 10. HP: 76/76 MP: 11/11
  8865 | D:9      | Noticed Erolcha
  8878 | D:10     | Entered Level 10 of the Dungeon
  9290 | D:10     | Slain by a killer bee

Illustrated notes

Levels and vault maps discovered:
D:1:      scummos_arrival_simple_fountains, layout_loops_ring,
          minmay_tetromino_i4
D:2:      layout_basic, serial_shops, nicolae_shop_hallway_plus,
          kennysheep_small_spiral, st_stairs_7
D:3:      layout_loops_ring, serial_shops, nicolae_shop_trees, shop,
          nicolae_shop_temple_entry_statues_fountains, roderic_lattice_a,
          grunt_decor_clamped
D:4:      cheibrodos_thug_alley, layout_cave_pools, gup_sewer_entry_pipe,
          uniq_crazy_yiuf_cottage, uniq_blork_the_orc, uniq_ijyb
D:5:      minmay_bubble_buster, layout_rooms, mainiacjoe_overflow_tiny_flanked,
          kennysheep_slug_shrine, uniq_sigmund
D:6:      layout_rooms, minmay_temple_entry_tees, gammafunk_ghost_smash,
          uniq_menkaure
D:7:      layout_loops_ring, vehumet_crystals, serial_rivers,
          chequers_serial_rivers_large_a, chequers_serial_rivers_large_b,
          chequers_serial_rivers_room_a, chequers_serial_rivers_room_b
D:8:      layout_loops_ring, nicolae_qazlal_eye_of_the_storm
D:9:      layout_rooms, orc_0_dummy, nicolae_fountain_basement, uniq_erolcha
D:10:     layout_roguey [special_room_bee], mainiacjoe_overflow_boulevard
Temple:   hellmonk_temple_divided_pantheon

Skill      XL: |  1  2  3  4  5  6  7  8  9 10 |
---------------+-------------------------------+-----
Ranged Weapons | 2 3 4 5 7 9 10 | 10.8
Armour         | 2 3 5 |  5.4
Fighting       | 2 4 5 6 |  6.2
Translocations | 2 3 |  3.2
Hexes          | 4 |  4.9
Dodging        | |  1.7
Spellcasting   | |  1.0

Action                     |  1- 3 |  4- 6 |  7- 9 | 10-12 || total
---------------------------+-------+-------+-------+-------++-------
   Fire: Sling             |   125 |    63 |       |       ||   188
         Shortbow          |       |   121 |   314 |    88 ||   523
   Cast: Slow              |     2 |       |       |       ||     2
 Invoke: Curse Item        |       |       |     3 |       ||     3
  Evoke: Box of beasts     |       |       |     1 |       ||     1
    Use: Scroll            |       |     7 |    14 |     2 ||    23
         Potion            |       |       |       |     3 ||     3
 Armour: Robe              |     3 |       |       |       ||     3
         Chain mail        |    16 |    48 |    55 |       ||   119
         Steam dragon scal |       |       |    37 |    43 ||    80
         Skin              |       |       |       |     2 ||     2
  Dodge: Dodged            |    22 |    24 |    78 |    53 ||   177

Table legend: (Time is in decaauts)
 A = Elapsed time spent in this place.
 B = Non-inter-level travel time spent in this place.
 C = Inter-level travel time spent in this place.
 D = Time resting spent in this place.
 E = Time spent auto-exploring this place.
 F = Levels seen in this place.
 G = Mean time per level.
                   A        B        C        D        E       F      G
               +--------+--------+--------+--------+--------+-----+--------+
         Total |   9793 |   9308 |    485 |   1112 |   6498 |  12 |  816.1 |
       Dungeon |   8945 |   8477 |    468 |   1069 |   5909 |  10 |  894.5 |
        Temple |     36 |     19 |     17 |      0 |      0 |   1 |   36.0 |
         Sewer |    812 |    812 |      0 |     43 |    588 |   1 |  812.0 |
               +--------+--------+--------+--------+--------+-----+--------+

Top non-repeatable levels by time:
     D:8: 1620 daAuts
     D:4: 1354 daAuts
     D:3: 1100 daAuts
     D:5: 1070 daAuts
     D:2: 957 daAuts
     D:7: 951 daAuts
   Sewer: 812 daAuts
     D:1: 761 daAuts
     D:6: 483 daAuts
    D:10: 410 daAuts
     D:9: 235 daAuts
  Temple: 36 daAuts
